 Dungeon Crawl Stone Soup version 0.29.1-1-gd02db6906a (webtiles) character file.

Game seed: 11294656559661042739

3241 Ashen the Chiller (level 9, -6/69 HPs)
             Began as a Demonspawn Ice Elementalist on Sept 30, 2022.
             Mangled by a vault guard
             ... wielding a +0 broad axe
              (8 damage)
             ... in a bailey.
             The game lasted 00:23:08 (9673 turns).

Ashen the Chiller (Demonspawn Ice Elementalist)     Turns: 9673, Time: 00:23:08

Health: -6/69      AC:  5    Str:  8    XL:     9   Next: 67%
Magic:  14/17      EV: 14    Int: 20    God:
Gold:   322        SH:  0    Dex: 17    Spells: 1/19 levels left

rFire   . . .      SeeInvis .   c - +5 dagger (venom)
rCold   . . .      Faith    .   (no shield)
rNeg    . . .      Spirit   .   l - +0 leather armour
rPois   .          Reflect  .   (no helmet)
rElec   .          Harm     .   u - +1 cloak
rCorr   .          Rampage  .   (no gloves)
Will    .....                   (no boots)
Stlth   ++++......              (no amulet)
HPRegen 0.21/turn               (no ring)
MPRegen 0.30/turn               (no ring)

@: about to teleport
A: thin skeletal structure 1, powered by death 2, magic regeneration
a: no special abilities


You were in a bailey.
You visited 1 branch of the dungeon, and saw 9 of its levels.
You also visited: Sewer, Ossuary and Bailey.

You collected 322 gold pieces.

Inventory:

Hand Weapons
 c - a +5 dagger of venom (weapon)
Missiles
 m - 25 poisoned darts (quivered)
 w - 5 curare-tipped darts
 y - 4 atropa-tipped darts
Armour
 l - a +0 leather armour (worn)
 u - a +1 cloak (worn)
Magical Staves
 p - a staff of cold
Wands
 b - a wand of quicksilver (3)
 s - a wand of roots (20)
Scrolls
 f - a scroll of amnesia {unknown}
 j - 3 scrolls of immolation
 t - a scroll of enchant armour {unknown}
 v - a scroll of fear
Potions
 d - 2 potions of mutation
 g - 6 potions of flight
 h - 2 potions of lignification
 k - a potion of haste
 o - a potion of attraction {unknown}
 q - 2 potions of brilliance
 r - a potion of heal wounds {unknown}
 z - a potion of berserk rage {unknown}
 A - a potion of ambrosia {unknown}


   Skills:
 + Level 5.7 Fighting
 + Level 5.6 Dodging
 - Level 5.0 Stealth
 + Level 5.7 Spellcasting
 + Level 4.8 Conjurations
 + Level 6.5 Ice Magic


You had one spell level left.
You knew the following spells:

 Your Spells              Type           Power      Damage    Failure   Level
a - Freeze                Ice            100%       1d11      1%          1
b - Frozen Ramparts       Ice            62%        1d10      3%          3
c - Ozocubu's Armour      Ice            31%        N/A       3%          3
d - Hailstorm             Conj/Ice       28%        3d8       16%         4
e - Ozocubu's Refrigerat  Ice            15%        4d10      100%        7

Your spell library contained the following spells:

 Spells                   Type           Power      Damage    Failure   Level
 Static Discharge         Conj/Air       15%        3-5/arc   9%          2
 Tukima's Dance           Hex            5%         N/A       43%         3
 Sticky Flame             Conj/Fire      15%        2d4       50%         4
 Dispel Undead            Necr           5%         3d7       83%         4
 Olgreb's Toxic Radiance  Pois           5%         N/A       83%         4
 Passage of Golubria      Tloc           5%         N/A       83%         4
 Yara's Violent Unravell  Hex/Tmut       2%         3d3       99%         5
 Ignition                 Fire           2%         3d3       100%        8


Dungeon Overview and Level Annotations

Branches:
Dungeon (9/15)              Sewer (visited)         Ossuary (visited)
 Bailey (1/1)
 Temple: D:4-7         Lair: D:8-11         Orc: D:9-12

Altars:
Ashenzari
Okawaru
Ru
Sif Muna

Shops:
D:2 (   D:8 (

Annotations:
Bailey Prince Ribbit


Innate Abilities, Weirdness & Mutations

You have a somewhat thin skeletal structure. (Dex +2, Stealth+)
You regenerate health from kills.
You regenerate magic rapidly.


Message History

The vault guard is lightly wounded.
The wall freezes the vault guard but does no damage.
The vault guard hits you with a +0 broad axe!
The wall freezes Prince Ribbit!
Prince Ribbit seems to slow down.
You hit the vault guard but do no damage.
The vault guard looks as sick as possible!
The vault guard is lightly wounded.
The wall freezes Prince Ribbit.
The wall freezes the vault guard but does no damage.
The vault guard completely misses you.
You completely miss the vault guard.
The vault guard is moderately wounded.
The wall freezes Prince Ribbit.
Prince Ribbit seems to slow down.
The wall freezes the vault guard.
The vault guard hits you with a +0 broad axe.
The wall freezes Prince Ribbit.
You hit the vault guard.
The vault guard looks as sick as possible!
The vault guard is moderately wounded.
The wall freezes Prince Ribbit.
Prince Ribbit seems to slow down.
The wall freezes the vault guard.
The vault guard hits you with a +0 broad axe!!
Your icy armour and frozen ramparts will break if you move.
Continue?
Your icy armour cracks and falls away as you move.
The frozen ramparts melt away as you move.
As you read the scroll of fear, it crumbles to dust.
You assume a fearsome visage.
The vault guard resists with some effort.
Prince Ribbit looks frightened!
Prince Ribbit blinks!
The vault guard hits you with a +0 broad axe!
* * * LOW HITPOINT WARNING * * *
As you read the scroll of teleportation, it crumbles to dust.
You feel strangely unstable.
Prince Ribbit blinks!
The vault guard hits you with a +0 broad axe!
* * * LOW HITPOINT WARNING * * *
Prince Ribbit blinks!
Prince Ribbit blinks!
The vault guard attacks as you move away!
The vault guard hits you with a +0 broad axe!
You die...

##~.≈# ##~~.≈# #~~~.≈##
#### #~..~≈### #########
!.... #...~≈≈####≈≈#....##
?.....#....~~≈F≈≈~~#...).##
(.(∩..'.~...~~~~~.†)..#)..#
!.....#...~........#..#...#
!.... #.~.p@...†≈≈≈#).##..#
#### #~.....~~~≈#######...#
#≈~~~~~~~~~≈##.......###
##≈~~~~~~~~~≈#......##..
##≈≈~~~~~≈≈##)#....+..∩
###≈≈≈≈≈###..######...
#######....##~~~)..∩
#.....)#)~)~##..
##...).'~~~~~###


You could see a vault guard (very poisoned) and Prince Ribbit (fleeing, slow).

Vanquished Creatures
  7 humans
  A water moccasin (D:6)
  A sky beast (D:6)
  2 ogres
  5 bullfrogs (Bailey)
  10 kobold brigands
  4 scorpions
  A necrophage (D:4)
  A water moccasin zombie (Ossuary)
  A hound (D:6)
  An orc priest (D:6)
  Crazy Yiuf (D:3)
  3 iguanas
  2 orc wizards (D:3)
  2 mummies (Ossuary)
  12 gnolls
  7 adders
  A river rat (Sewer)
  A shadow imp (D:6)
  An ufetubus (D:6)
  3 adder zombies (Ossuary)
  3 worms
  3 dart slugs
  7 orcs
  6 ball pythons
  11 bats
  10 endoplasms
  5 giant cockroaches
  3 gnoll zombies (Ossuary)
  10 goblins
  8 hobgoblins
  A jackal (D:5)
  8 kobolds
  7 quokkas
  2 frilled lizards
  8 hobgoblin zombies (Ossuary)
  2 kobold zombies (Ossuary)
  6 orc zombies (Ossuary)
  16 rats
183 creatures vanquished.

Notes
Turn   | Place    | Note
-------+----------+-------------------------------------------
     0 | D:1      | Ashen the Demonspawn Ice Elementalist began the quest for
                  | the Orb.
     0 | D:1      | Reached XP level 1. HP: 13/13 MP: 3/3
   204 | D:1      | Gained mutation: You have a somewhat thin skeletal
                  | structure. (Dex +2, Stealth+) [demonic ancestry]
   204 | D:1      | Reached XP level 2. HP: 6/20 MP: 3/5
   601 | D:1      | Reached skill level 1 in Fighting
   766 | D:1      | Reached XP level 3. HP: 16/26 MP: 4/6
   770 | D:1      | Learned a level 3 spell: Frozen Ramparts
   943 | D:1      | Found a faded altar of an unknown god.
  1420 | D:2      | Found Xiav Isi's Weapon Boutique.
  1565 | D:2      | Identified the +1 cloak of Levity {Harm Str+2}
  2613 | D:3      | Reached skill level 4 in Ice Magic
  2613 | D:3      | Gained mutation: You regenerate magic rapidly. [demonic
                  | ancestry]
  2613 | D:3      | Reached XP level 4. HP: 26/32 MP: 7/7
  2621 | D:2      | Learned a level 3 spell: Ozocubu's Armour
  2916 | D:3      | Found a runed translucent door.
  2917 | D:3      | Noticed Crazy Yiuf
  3649 | D:3      | Reached XP level 5. HP: 32/38 MP: 6/9
  3829 | D:3      | Killed Crazy Yiuf
  3984 | D:4      | Reached XP level 6. HP: 19/46 MP: 2/10
  4448 | D:4      | Found a sand-covered staircase.
  4454 | Ossuary  | Entered an ossuary
  4460 | Ossuary  | Learned a level 4 spell: Hailstorm
  5108 | D:4      | Reached skill level 1 in Conjurations
  5108 | D:4      | Gained mutation: You regenerate a little health from kills.
                  | [demonic ancestry]
  5108 | D:4      | Reached XP level 7. HP: 52/52 MP: 6/12
  5375 | D:5      | Entered Level 5 of the Dungeon
  5386 | D:5      | Found a glowing drain.
  5416 | Sewer    | Entered a sewer
  5590 | Sewer    | Reached skill level 5 in Ice Magic
  6082 | Sewer    | Reached XP level 8. HP: 24/60 MP: 9/14
  7096 | D:5      | Found a sacrificial altar of Ru.
  7988 | D:6      | Reached skill level 5 in Stealth
  8412 | D:6      | Found a shimmering blue altar of Sif Muna.
  8518 | D:6      | Found a broken altar of Ashenzari.
  8698 | D:7      | You fall into a shaft and drop 2 floors!
  8698 | D:9      | Found an iron altar of Okawaru.
  8716 | D:9      | Gained mutation: You regenerate health from kills. [demonic
                  | ancestry]
  8716 | D:9      | Reached XP level 9. HP: 53/67 MP: 11/16
  8718 | D:9      | Reached skill level 5 in Spellcasting
  8755 | D:9      | Noticed a manticore
  8767 | D:9      | Learned a level 7 spell: Ozocubu's Refrigeration
  8814 | D:9      | Found a flagged portal.
  8817 | D:8      | Found Ozunath's Weapon Boutique.
  8865 | D:8      | Reached skill level 5 in Fighting
  8865 | D:8      | Reached skill level 6 in Ice Magic
  9012 | Bailey   | Entered a bailey
  9038 | Bailey   | Reached skill level 5 in Dodging
  9657 | Bailey   | Noticed a vault guard
  9657 | Bailey   | Noticed Prince Ribbit
  9670 | Bailey   | HP: 1/69 [vault guard/+0 broad axe (15)]
  9673 | Bailey   | Mangled by a vault guard

Illustrated notes

Levels and vault maps discovered:
D:1:      ncdulo_wetmaze, layout_rooms,
          hellmonk_ecumenical_altar_pennies_from_heaven
D:2:      layout_loops_corners, serial_shops, shop
D:3:      layout_rooms, grunt_ministairs_7, kennysheep_generic_room_4,
          uniq_crazy_yiuf_cottage
D:4:      layout_rooms, nicolae_ossuary_entry_plus
D:5:      wander_river, layout_loops_corners,
          nicolae_ru_great_annihilating_truth, portal_sewer_entry_f,
          grunt_ministairs_1, serial_bayou_ford_a, minivault_4
D:6:      minmay_skewed_foursquare, layout_loops_ring, marbit_many_paths,
          old_standard_altar
D:7:      layout_layer_cave, minmay_temple_entry_antechambers, serial_shops,
          nicolae_shop_statue_plus
D:8:      layout_loops_ring, kennysheep_small_spiral, nicolae_stop_n_shop_1,
          minmay_the_grid_2x2 [minmay_the_grid_slots,
          minmay_the_grid_diamond_grid, minmay_the_grid_empty,
          minmay_the_grid_prize_inner_circle], uniq_joseph, uniq_maggie
D:9:      layout_roguey, okawaru_humans, enter_bailey_2, uniq_psyche
Bailey:   bailey_axe_froggy_fort_hellmonk, bailey

Skill      XL: |  1  2  3  4  5  6  7  8  9 |
---------------+----------------------------+-----
Stealth        | 2 3 4 5 |  5.0
Dodging        | 2 3 4 5 |  5.6
Fighting       | 1 2 3 4 5 |  5.7
Ice Magic      | 4 5 6 |  6.5
Spellcasting   | 3 4 5 |  5.7
Conjurations   | 1 2 3 4 |  4.8

Action                   |  1- 3 |  4- 6 |  7- 9 || total
-------------------------+-------+-------+-------++-------
Melee: Unarmed           |    13 |       |       ||    13
       Mace              |    37 |       |       ||    37
       Punch             |     1 |     5 |     3 ||     9
       Dagger            |     8 |   221 |   292 ||   521
Throw: Dart              |       |     6 |    29 ||    35
 Cast: Freeze            |    36 |     5 |     3 ||    44
       Frozen Ramparts   |       |    10 |    22 ||    32
       Ozocubu's Armour  |       |    10 |    20 ||    30
       Hailstorm         |       |       |     1 ||     1
  Use: Potion            |     2 |     1 |     6 ||     9
       Scroll            |       |    11 |    10 ||    21
 Stab: Sleeping          |    10 |     7 |    10 ||    27
       Invisible         |       |       |     1 ||     1
Armor: Robe              |    19 |       |       ||    19
       Leather armour    |       |    59 |    67 ||   126
Dodge: Dodged            |    80 |   116 |   172 ||   368
